 Dungeon Crawl Stone Soup version 0.27-a0-1324-ge0d8e047f6 (webtiles) character file.

Game seed: 6294733872484212706

8 sokol815 the Chiller (level 2, 0/17 HPs)
             Began as an Octopode Ice Elementalist on June 24, 2021.
             Slain by a jackal (3 damage)
             ... on level 1 of the Dungeon.
             The game lasted 00:00:59 (231 turns).

sokol815 the Chiller (Octopode Ice Elementalist)     Turns: 231, Time: 00:00:59

Health: 0/17       AC:  1    Str:  7    XL:     2   Next: 8%
Magic:  0/5        EV: 13    Int: 17    God:
Gold:   0          SH:  0    Dex: 12    Spells: 4/5 levels left

rFire    . . .     SeeInvis .   a - +0 club
rCold    . . .     Faith    .   (no shield)
rNeg     . . .     Spirit   .   (helmet restricted)
rPois    .         Reflect  .   (no amulet)
rElec    .         Harm     .   (no ring)
rCorr    .         Rampage  .   (no ring)
Will     .....                  (no ring)
Stlth    +++.......             (no ring)
HPRegen  0.05/turn              (no ring)
MPRegen  0.09/turn              (no ring)
                                (no ring)
                                (no ring)

@: no status effects
A: almost no armour, amphibious, 8 rings, camouflage 1, gelatinous body 1,
(nimble swimmer 1), tentacles
a: no special abilities


You were on level 1 of the Dungeon.
You visited 1 branch of the dungeon, and saw 1 of its levels.

Inventory:

Hand Weapons
 a - a +0 club (weapon)
   (You took it off a goblin on level 1 of the Dungeon)


   Skills:
 + Level 2.2 Dodging
 * Level 3.5 Stealth
 - Level 2.0 Spellcasting
 - Level 4.0 Ice Magic


You had 4 spell levels left.
You knew the following spells:

 Your Spells              Type           Power      Damage    Failure   Level
a - Freeze                Ice            60%        1d8       3%          1

Your spell library contained the following spells:

 Spells                   Type           Power      Damage    Failure   Level
 Frozen Ramparts          Ice            30%        1d5       11%         3
 Ozocubu's Armour         Ice            15%        N/A       11%         3
 Hailstorm                Conj/Ice       8%         3d4       63%         4
 Metabolic Englaciation   Hex/Ice        4%         N/A       93%         5


Dungeon Overview and Level Annotations

Branches:
Dungeon (1/15)

Altars:


Innate Abilities, Weirdness & Mutations

You cannot wear most types of armour.
You are amphibious.
You can wear up to eight rings at the same time.
Your skin changes colour to match your surroundings (Stealth+).
Your rubbery body absorbs attacks. (AC +1, EV +1)
((You are camouflaged near water. (Stealth+)))
You have tentacles for arms and can constrict up to eight enemies at once.


Message History

You add the spells Freeze, Frozen Ramparts, Ozocubu's Armour, Hailstorm and Metabolic Englaciation to your library.
Welcome, sokol815 the Octopode Ice Elementalist.
The bosom of this dungeon contains the fabulous artefact, the Orb of Zot.
Found a staircase leading out of the dungeon.
Okay, then.
As you open the large door, it creaks loudly!
There is a large open door here.
A goblin comes into view. It is wielding a +0 club.
Aim: a goblin, wielding a +0 club (asleep)
You freeze the goblin.
You kill the goblin!
You now have 2/3 mp.
a - a +0 club
a - a +0 club (weapon)
You start resting.
MP restored: 3 A dart slug comes into view.
A giant cockroach comes into view.
The giant cockroach barely misses you.
Aim: a giant cockroach You freeze the giant cockroach.
You kill the giant cockroach!
You now have 2/3 mp.
You start resting.
MP restored: 3 A dart slug is nearby!
The helpless dart slug fails to defend itself.
You hit the dart slug. Your grab misses the dart slug. The dart slug bites you.
You take 1 damage, and have 10/11 hp.
Aim: a dart slug (lightly wounded)
You freeze the dart slug! The dart slug barely misses you.
You now have 2/3 mp.
Aim: a dart slug (severely wounded)
You freeze the dart slug.
You kill the dart slug!
Your Stealth skill increases to level 3!
You now have 1/3 mp.
You start resting.
Health restored: 11; MP restored: 3 You open the door.
There is an open door here.
You open the door.
A bat and a jackal come into view.
The jackal barks!
The bat moves out of view.
There is an open door here.
A jackal comes into view. x2
There is an open door here.
You close the door.
Aim: a jackal You freeze the jackal.
The jackal barks!
The jackal barks!
The jackal bites you. The jackal barely misses you.
You take 3 damage, and have 8/11 hp.
MASSIVE DAMAGE!!
You now have 2/3 mp.
Aim: a jackal (moderately wounded)
You freeze the jackal. The jackal bites you.
You take 3 damage, and have 5/11 hp.
MASSIVE DAMAGE!!
You now have 1/3 mp.
Aim: a jackal (almost dead)
You freeze the jackal.
You kill the jackal!
You now have 0/3 mp.
You closely miss the jackal. Your grab misses the jackal. The jackal bites you.
The jackal misses you.
You take 1 damage, and have 4/11 hp.
Unknown command.
You miss the jackal. You grab the jackal. You squeeze the jackal.
You kill the jackal!
The bat misses you. The bat barely misses you.
A giant cockroach comes into view.
You have reached level 2!
You regained 3 hp, and now have 7/17 hp.
You miss the bat. Your grab misses the bat. The bat closely misses you.
The bat hits you.
You take 1 damage, and have 6/17 hp.
You hit the bat. You grab the bat. You constrict the bat.
The bat hits you but does no damage. x2; The bat closely misses you.
You barely miss the bat. You constrict the bat.
You kill the bat!
The jackal bites you.
* * * LOW HITPOINT WARNING * * *
You take 3 damage, and have 3/17 hp.
Unknown command.
You hit the jackal but do no damage. Your grab misses the jackal.
Your squeeze misses the jackal. The jackal closely misses you.
The jackal bites you.
You die...

#########..........#
#..................#
#...#####..........#
#..................#
#....####..........#
#....# #..........#
.....# #..........#
.....# ####.###+###
.....# #...#@#
.....# ###.#h#
.....# #.#B####
.#.#.# #......#
.#.#.# #..........
.....# .........#...
.#.### #.####.....#
.. .#.# ......+ .#.#
.......#


You could see a jackal and a giant cockroach.

Vanquished Creatures
  A dart slug (D:1)
  A giant cockroach (D:1)
  2 jackals (D:1)
  A bat (D:1)
  A goblin (D:1)
6 creatures vanquished.

Notes
Turn   | Place    | Note
-------+----------+-------------------------------------------
     0 | D:1      | sokol815 the Octopode Ice Elementalist began the quest for
                  | the Orb.
     0 | D:1      | Reached XP level 1. HP: 11/11 MP: 3/3
   187 | D:1      | Reached skill level 3 in Stealth
   228 | D:1      | Reached XP level 2. HP: 7/17 MP: 0/5
   230 | D:1      | HP: 3/17 [jackal (3)]
   231 | D:1      | Slain by a jackal

Illustrated notes

Levels and vault maps discovered:
D:1:      lightli_arrival_boilingwater, layout_basic,
          chequers_ecumenical_altar_grove, feat_on_display

Skill      XL: |  1 |
---------------+----+-----
Stealth        | 3 |  3.5
Dodging        | |  2.2
Spellcasting   | |  2.0
Ice Magic      | |  4.0

Action                   || total
-------------------------++-------
Melee: Club              ||     7
       Constrict         ||     2
       Tentacles         ||     1
 Cast: Freeze            ||     7
 Stab: Sleeping          ||     1
Armor: Skin              ||     2
Dodge: Dodged            ||     9

Table legend: (Time is in decaauts)
 A = Elapsed time spent in this place.
 B = Non-inter-level travel time spent in this place.
 C = Inter-level travel time spent in this place.
 D = Time resting spent in this place.
 E = Time spent auto-exploring this place.
 F = Levels seen in this place.
 G = Mean time per level.
                   A        B        C        D        E       F      G
               +--------+--------+--------+--------+--------+-----+--------+
         Total |    232 |    232 |      0 |     44 |    139 |   1 |  232.0 |
       Dungeon |    232 |    232 |      0 |     44 |    139 |   1 |  232.0 |
               +--------+--------+--------+--------+--------+-----+--------+

Top non-repeatable levels by time:
     D:1: 232 daAuts

Table legend:
 A = Kills in this place as a percentage of kills in entire the game.
 B = Kills by you in this place as a percentage of kills by you in the entire game.
 C = Kills by friends in this place as a percentage of kills by friends in the entire game.
 D = Other kills in this place as a percentage of other kills in the entire game.
 E = Experience gained in this place as a percentage of experience gained in the entire game.
 F = Experience gained in this place divided by the number of levels of this place that you have seen.
                   A       B       C       D       E      F
               +-------+-------+-------+-------+-------+----------------------
         Total | 100.0 | 100.0 |   N/A |   N/A | 100.0 |  12.0
       Dungeon | 100.0 | 100.0 |   N/A |   N/A | 100.0 |  12.0
               +-------+-------+-------+-------+-------+----------------------
